 Dungeon Crawl Stone Soup version 0.28-a0-175-gb2089b6bb7 (webtiles) character file.

Game seed: 17835962244973373629

66 Gunterle the Covered (level 3, -4/31 HPs)
             Began as a Demigod Fighter on Aug 17, 2021.
             Killed by divine providence
             ... invoked by an orc priest
              (13 damage)
             ... on level 2 of the Dungeon.
             The game lasted 00:04:11 (1317 turns).

Gunterle the Covered (Demigod Fighter)              Turns: 1317, Time: 00:04:12

Health: -4/31      AC: 11    Str: 21    XL:     3   Next: 69%
Magic:  5/5        EV:  7    Int: 10    God:
Gold:   50         SH:  8    Dex: 13    Spells: 2/2 levels left

rFire   . . .      SeeInvis .   a - +0 trident
rCold   . . .      Faith    .   c - +0 kite shield
rNeg    . . .      Spirit   .   b - +0 scale mail
rPois   .          Reflect  .   o - +2 hat
rElec   .          Harm     .   n - +0 cloak
rCorr   .          Rampage  .   (no gloves)
Will    .....                   m - +0 pair of boots
Stlth   ..........              (no amulet)
HPRegen 0.10/turn               e - ring of wizardry
MPRegen 0.09/turn               (no ring)

@: no status effects
A: high mp 1, forlorn
a: no special abilities


You were on level 2 of the Dungeon.
You visited 1 branch of the dungeon, and saw 2 of its levels.

You collected 50 gold pieces.

Inventory:

Hand Weapons
 a - a +0 trident (weapon)
Missiles
 i - 48 arrows
 q - 17 stones (quivered)
Armour
 b - a +0 scale mail (worn)
 c - a +0 kite shield (worn)
 m - a +0 pair of boots (worn)
 n - a +0 cloak (worn)
 o - a +2 hat (worn)
Jewellery
 e - a ring of wizardry (left hand)
 f - a ring of ice
Scrolls
 g - a scroll of vulnerability {unknown}
 h - a scroll of fear {unknown}
 k - a scroll of fog
 l - a scroll of identify {unknown}
Potions
 d - a potion of might
 j - 3 potions of flight {unknown}
 p - 3 potions of haste {unknown}


   Skills:
 + Level 3.1 Fighting
 * Level 2.8 Polearms
 + Level 3.1 Armour
 + Level 3.1 Shields


You had 2 spell levels left.
You didn't know any spells.
Your spell library contained the following spells:

 Spells                   Type           Power      Damage    Failure   Level
 Conjure Ball Lightning   Conj/Air       0%         3x3d6     100%        6
 Discord                  Hex            0%         N/A       100%        8
 Disjunction              Tloc           0%         N/A       100%        8


Dungeon Overview and Level Annotations

Branches:
Dungeon (2/15)


Innate Abilities, Weirdness & Mutations

Your attributes grow dramatically as you level up.
You have an increased reservoir of magic. (+10% MP)
You shall have no god before yourself.


Message History

The dart slug bites you but does no damage.
You puncture the dart slug!
You kill the dart slug!
No target in view!
HP restored.
You see here a dart slug corpse.
Found an escape hatch in the floor.
There is an escape hatch in the floor here.
p - 3 fizzy ruby potions (gained 1)
i - 48 arrows (gained 22)
A kobold comes into view. It is wielding a +0 short sword.
You closely miss the kobold. The kobold hits you but does no damage.
You hit the kobold.
You kill the kobold!
No target in view!
No target in view!
Found a stone staircase leading down.
q - 18 stones (gained 2)
Things that are here:
a +0 short sword; a kobold corpse An orc is nearby!
Unknown command.
Throw: 18 stones
Press: ? - help, Q - select action Shift-Dir - straight line, f - orc
Aim: an orc, wielding a +0 short sword and wearing a +0 scale mail (wandering, hasn't noticed you, 61% to hit)
You throw a stone. The stone barely misses the orc.
The orc shouts!
You hear a shout!
The orc priest invokes the aid of Beogh against you.
Beogh smites you!
The orc priest calls down the wrath of Beogh upon you.
Beogh smites you!
* * * LOW HITPOINT WARNING * * *
The orc priest shouts!
Things that are here:
a +0 leather armour; a +0 short sword; an orc skeleton The orc hits you but does no damage.
The orc priest invokes the aid of Beogh against you.
Beogh smites you!
You die...

#...#..... ###
#####........ #..
..##.##.#... #.#
#.##.#......
#.####.##...#....
##.#.......#......
#.......#..####..#
#..#.##.#.........
#.###@[.....#.########
#.....o..##.#.# # ##
#####.#####.#.# # .#
###.......#.# # .#
###......####.# #
##.## #...o..[.......
#
##<..###..(...########
#......#....o...o....
#....#.#.......#...#.


You could see 2 orc priests and an orc.

Vanquished Creatures
  An orc wizard (D:2)
  A worm (D:2)
  3 dart slugs
  2 orcs
  4 bats
  4 endoplasms (D:1)
  A giant cockroach (D:1)
  4 goblins
  A hobgoblin (D:1)
  4 kobolds
  3 frilled lizards
  A rat (D:1)
29 creatures vanquished.

Notes
Turn   | Place    | Note
-------+----------+-------------------------------------------
     0 | D:1      | Gunterle the Demigod Fighter began the quest for the Orb.
     0 | D:1      | Reached XP level 1. HP: 18/18 MP: 3/3
   330 | D:1      | Reached XP level 2. HP: 25/25 MP: 4/4
   968 | D:2      | Reached XP level 3. HP: 30/31 MP: 5/5
  1317 | D:2      | Killed from afar by an orc priest

Illustrated notes

Levels and vault maps discovered:
D:1:      minmay_arrival_stone_box, layout_basic
D:2:      cheibrodos_pilgrimage, layout_loops_cross, serial_shops,
          nicolae_shop_temple_entry_statues_fountains

Skill      XL: |  1  2 |
---------------+-------+-----
Polearms       | 2 |  2.8
Armour         | 3 |  3.1
Fighting       | 3 |  3.1
Shields        | 3 |  3.1

Action                   || total
-------------------------++-------
Melee: Trident           ||    99
Throw: Stone             ||     1
  Use: Scroll            ||     1
Armor: Scale mail        ||    44
Dodge: Dodged            ||    19
Block: Kite shield       ||    41

Table legend: (Time is in decaauts)
 A = Elapsed time spent in this place.
 B = Non-inter-level travel time spent in this place.
 C = Inter-level travel time spent in this place.
 D = Time resting spent in this place.
 E = Time spent auto-exploring this place.
 F = Levels seen in this place.
 G = Mean time per level.
                   A        B        C        D        E       F      G
               +--------+--------+--------+--------+--------+-----+--------+
         Total |   1362 |   1274 |     88 |    191 |    785 |   2 |  681.0 |
       Dungeon |   1362 |   1274 |     88 |    191 |    785 |   2 |  681.0 |
               +--------+--------+--------+--------+--------+-----+--------+

Top non-repeatable levels by time:
     D:1: 1166 daAuts
     D:2: 196 daAuts
